 Dungeon Crawl Stone Soup version 0.27-a0-1191-g601b473118 (webtiles) character file.

Game seed: 6892520188479143994

74 leviel the Chopper (level 4, -2/39 HPs)
             Began as a Hill Orc Fighter on May 23, 2021.
             Slain by a kobold brigand
             ... wielding a +0 whip
              (5 damage)
             ... on level 3 of the Dungeon.
             The game lasted 00:02:29 (2756 turns).

leviel the Chopper (Hill Orc Fighter)               Turns: 2756, Time: 00:02:29

Health: -2/39      AC: 10    Str: 19    XL:     4   Next: 28%
Magic:  4/4        EV:  7    Int:  8    God:
Gold:   1161       SH:  9    Dex: 10    Spells: 3/3 levels left

rFire    . . .     SeeInvis .   a - +0 war axe
rCold    . . .     Faith    .   c - +0 kite shield
rNeg     . . .     Spirit   .   b - +0 scale mail
rPois    .         Reflect  .   (no helmet)
rElec    .         Harm     .   j - +2 cloak
rCorr    .         Rampage  .   (no gloves)
Will     .....                  (no boots)
Stlth    ..........             (no amulet)
HPRegen  0.13/turn              (no ring)
MPRegen  0.09/turn              (no ring)

@: no status effects
A: no striking features
a: no special abilities


You were on level 3 of the Dungeon.
You visited 1 branch of the dungeon, and saw 3 of its levels.

You collected 1161 gold pieces.

Inventory:

Hand Weapons
 a - a +0 war axe (weapon)
Armour
 b - a +0 scale mail (worn)
 c - a +0 kite shield (worn)
 j - a +2 cloak (worn)
Jewellery
 o - a ring of magical power
Scrolls
 g - a scroll of enchant weapon {unknown}
 i - 2 scrolls of amnesia
Potions
 d - a potion of might
 f - a potion of berserk rage
 h - a potion of lignification {unknown}
 n - a potion of heal wounds {unknown}


   Skills:
 - Level 3.6 Fighting
 + Level 5.9 Axes
 - Level 3.2 Armour
 - Level 3.2 Shields


You had 3 spell levels left.
You didn't know any spells.
Your spell library was empty.

Dungeon Overview and Level Annotations

Branches:
Dungeon (3/15)

Altars:


Message History

The kobold brigand is heavily wounded.
The kobold brigand hits you with a +0 whip.
You block the kobold brigand's attack.
You closely miss the kobold brigand.
The kobold brigand is heavily wounded.
The kobold brigand hits you with a +0 whip!
* * * LOW HITPOINT WARNING * * *
You barely miss the kobold brigand.
The kobold brigand is heavily wounded.
The kobold brigand hits you but does no damage.
You block the kobold brigand's attack.
You hit the kobold brigand but do no damage.
The kobold brigand is heavily wounded.
The kobold brigand barely misses you.
You slash the kobold brigand!
The kobold brigand is severely wounded.
You block the kobold brigand's attack.
The kobold brigand hits you but does no damage.
You barely miss the kobold brigand.
The kobold brigand is severely wounded.
You block the kobold brigand's attack.
You hit the kobold brigand but do no damage.
The kobold brigand is severely wounded.
You block the kobold brigand's attack.
You barely miss the kobold brigand.
The kobold brigand is severely wounded.
The kobold brigand hits you but does no damage.
You block the kobold brigand's attack.
You barely miss the kobold brigand.
The kobold brigand is severely wounded.
The kobold brigand hits you with a +0 whip.
* * * LOW HITPOINT WARNING * * *
Your shield prevents you from hitting the kobold brigand.
The kobold brigand is severely wounded.
The kobold brigand hits you with a +0 whip.
* * * LOW HITPOINT WARNING * * *
You block the kobold brigand's attack.
It was a potion of magic.
Magic courses through your body.
The kobold brigand hits you with a +0 whip.
You die...

#..#.#...##...#
#...#.......#.# #..
#.............. ...
...........<....# #.# .#
##..#####.##..... ..# .#
#..# #....# ..... ..##.##
#..####.##.# ..# ...
..##..###..$...#
#.##...#.###...(@##......
...............K## .#....
...............S ## ...
...<..## ###.... #
.......## #....#
.†....[.# #..#.
....#.#......##
....#..##..# ......... .


You could see a kobold brigand and a ball python.

Vanquished Creatures
  An adder (D:2)
  A worm (D:2)
  7 endoplasms
  2 giant cockroaches
  3 goblins
  4 hobgoblins
  4 jackals (D:2)
  6 quokkas
  4 ball pythons
  5 bats
  4 frilled lizards
  3 kobolds
  16 rats
60 creatures vanquished.

Notes
Turn   | Place    | Note
-------+----------+-------------------------------------------
     0 | D:1      | leviel the Hill Orc Fighter began the quest for the Orb.
     0 | D:1      | Reached XP level 1. HP: 19/19 MP: 1/1
    21 | D:1      | Reached skill level 3 in Axes
    58 | D:1      | Reached XP level 2. HP: 8/26 MP: 2/2
   409 | D:1      | Reached skill level 4 in Axes
   747 | D:1      | Reached XP level 3. HP: 28/31 MP: 3/3
  1237 | D:1      | Reached skill level 5 in Axes
  2187 | D:2      | Reached XP level 4. HP: 38/39 MP: 4/4
  2371 | D:2      | Identified a scroll of acquirement
  2371 | D:2      | Acquired 1031 gold pieces
  2723 | D:3      | Found a faded altar of an unknown god.
  2736 | D:3      | Noticed a kobold brigand
  2756 | D:3      | Slain by a kobold brigand

Illustrated notes

Levels and vault maps discovered:
D:1:      dpeg_arrival_ratfight, layout_loops_ring, serial_aquarium,
          aquarium_bridge_square [aquarium_subvault_bridge,
          aquarium_subvault_balcony, aquarium_subvault_bridge,
          aquarium_subvault_window], aquarium_window_corridor_3,
          aquarium_window_fake, aquarium_view_2c, aquarium_balcony_5a,
          minmay_split_cup_large
D:2:      layout_loops_corners
D:3:      layout_rooms, chequers_ecumenical_altar_simple_redux

Skill      XL: |  1  2  3 |
---------------+----------+-----
Axes           | 3 4 5 |  5.9
Fighting       | |  3.6
Armour         | |  3.2
Shields        | |  3.2

Action                   |  1- 3 |  4- 6 || total
-------------------------+-------+-------++-------
Melee: War axe           |   146 |    45 ||   191
  Use: Scroll            |       |     6 ||     6
       Potion            |       |     1 ||     1
Armor: Scale mail        |    80 |    18 ||    98
Dodge: Dodged            |    56 |     9 ||    65
Block: Kite shield       |    72 |    23 ||    95

Table legend: (Time is in decaauts)
 A = Elapsed time spent in this place.
 B = Non-inter-level travel time spent in this place.
 C = Inter-level travel time spent in this place.
 D = Time resting spent in this place.
 E = Time spent auto-exploring this place.
 F = Levels seen in this place.
 G = Mean time per level.
                   A        B        C        D        E       F      G
               +--------+--------+--------+--------+--------+-----+--------+
         Total |   2849 |   2745 |    104 |    432 |   1863 |   3 |  949.7 |
       Dungeon |   2849 |   2745 |    104 |    432 |   1863 |   3 |  949.7 |
               +--------+--------+--------+--------+--------+-----+--------+

Top non-repeatable levels by time:
     D:1: 1542 daAuts
     D:2: 1126 daAuts
     D:3: 181 daAuts
